[Event "Late-Titled-Tuesday-Blitz-January-23-2024"]
[Site "Chess.com"]
[Date "2024.01.23"]
[Round "3"]
[White "ChessFighter_2011"]
[Black "Arifarsky"]
[Result "1-0"]
[WhiteElo "2931"]
[BlackElo "2707"]
[TimeControl "180+1"]
[EndTime "14:28:47 PST"]
[Termination "ChessFighter_2011 won by resignation"]

1. e4 c5 2. Nf3 Nc6 3. Bb5 g6 4. Bxc6 dxc6 5. d3 Bg7 6. h3 Nf6 7. O-O O-O 8. Nc3 Qc7 9. Be3 b6 10. Qd2 Rd8 11. Bh6 Bh8 12. Rae1 e5 13. Nh2 c4 14.
Bg5 cxd3 15. cxd3 Qd6 16. f4 Qd4+ 17. Rf2 Qxd3 18. Qc1 Be6 19. fxe5 Nd7 20. Rd1 Qc4 21. Bxd8 Rxd8 22. Nf3 Re8 23. Qf4 Qc5 24. Rxd7 Bxd7 25.
Ng5 Rf8 26. Kh1 Bxe5 27. Qf3 Qe7 28. Qe3 c5 29. Nf3 Bg7 30. Nd5 Qd6 31. b3 Re8 32. Rd2 Bc6 33. e5 Qe6 34. Nc7 Qe7 35. Nxe8 Bxe8 36. Qf4 Bc6 37. Rd6 Bb7 38. Qg5 Qxg5 39.
Nxg5 Bxe5 40. Rd8+ Kg7 41. Nxf7 Kxf7 42. Rd7+ Ke6 43.
Rxb7 a5 44. Rxb6+ Kd5 45. a4 c4 46. Rb5+ Kd4 47. bxc4 Bd6 48. Rd5+ 1-0

[Event "Late-Titled-Tuesday-Blitz-January-23-2024"]
[Site "Chess.com"]
[Date "2024.01.23"]
[Round "3"]
[White "Defend1r"]
[Black "mfwagnerpeixoto"]
[Result "1-0"]
[WhiteElo "2565"]
[BlackElo "2327"]
[TimeControl "180+1"]
[EndTime "14:28:47 PST"]
[Termination "Defend1r won by resignation"]

1. c4 e6 2. g3 Nf6 3. Bg2 c5 4. Nf3 Nc6 5. O-O Be7 6. b3 O-O 7. Bb2 d5 8. cxd5 Nxd5 9. d4 Bf6 10. e4 Nc7 11. e5 Be7 12. dxc5 Bxc5 13. Qc1 Bb6 14.
Ba3 Re8 15. Rd1 Nd5 16. Nc3 Bd7 17. Nxd5 exd5 18. Rxd5 Qc8 19. Qf4 Be6 20. Rd2 h6 21. Rc1 a5 22. Bc5 Nb4 23. Qe3 Bxc5 24. Rxc5 Qb8 25.
Nd4 Ra6 26. Nb5 Bf5 27. Nd6 Rxd6 28. Rxd6 Nxa2 29. Qd2 Nb4 30. h3 Nc6 31. Bxc6 bxc6 32. Rcxc6 Qxb3 33. Rc3 Qb1+ 34. Kh2 Rxe5 35. g4 Qe4 36.
gxf5 Rxf5 37. Rg3 g6 38. Rd8+ Kh7 39. Rd4 Qe5 40. Rh4 h5 41. Ra4 Rf3 42. h4 Qf5 43. Ra2 Rxg3 44. fxg3 Qg4 45. Rxa5 1-0

[Event "Late-Titled-Tuesday-Blitz-January-23-2024"]
[Site "Chess.com"]
[Date "2024.01.23"]
[Round "3"]
[White "m_ezat"]
[Black "Fonsofan"]
[Result "0-1"]
[WhiteElo "2447"]
[BlackElo "2644"]
[TimeControl "180+1"]
[EndTime "14:28:48 PST"]
[Termination "Fonsofan won by resignation"]

1. d4 b5 2. e4 Bb7 3. Bd3 e6 4. Nf3 c5 5. c3 cxd4 6. cxd4 Nf6 7. Nbd2 a6 8. O-O Be7 9. Qe2 O-O 10. e5 Nd5 11.
Qe4 g6 12. Qg4 f5 13. exf6 Nxf6 14. Qg3 Nh5 15. Qg4 Rf4 16. Qh3 Nc6 17. Be4 Nf6 18.
Bb1 Nxd4 19. Nxd4 Rxd4 20. Nf3 Rg4 21. Bg5 Bxf3 22. Bxf6 Rxg2+ 23. Qxg2 Bxg2 24. Bxe7 Qxe7 25. Kxg2 Qf6 26. Be4 Rc8 27. Rad1 d5 28. Bf3 Qxb2 29. Rfe1 Rc6 30. Rxd5 exd5 31. Bxd5+ Kg7 32. Bxc6 Qxa2 33. Bf3 Kf6 34. Rc1 a5 35. Rc6+ Kg7 36. Rc7+ Kh6 37. Rd7 a4 38. Bd5 Qd2 39. h4 a3 40. Be6 Qxd7 41.
Bxd7 a2 42. Kg3 a1=Q 43. f3 Qe5+ 44. Kg4 b4 45. f4 Qd4 46. Be6 Qg1+ 47. Kh3 Qe3+ 48.
Kg4 Qxe6+ 49. f5 Qc4+ 50. Kg3 gxf5 51. h5 b3 52. Kh3 b2 53. Kg3 b1=Q 54. Kh3 Qbb3+ 0-1

[Event "Late-Titled-Tuesday-Blitz-January-23-2024"]
[Site "Chess.com"]
[Date "2024.01.23"]
[Round "3"]
[White "RodokininEV"]
[Black "LastHeroJr"]
[Result "1-0"]
[WhiteElo "2610"]
[BlackElo "2428"]
[TimeControl "180+1"]
[EndTime "14:28:49 PST"]
[Termination "RodokininEV won by resignation"]

1. e4 e5 2. Nf3 Nc6 3. Bb5 a6 4.
Ba4 Nf6 5. O-O Be7 6. Re1 b5 7. Bb3 d6 8. c3 O-O 9. h3 Na5 10.
Bc2 c5 11. d4 Nd7 12. dxe5 dxe5 13. Nbd2 f6 14. Nf1 Bb7 15. Ng3 Re8 16. Nh4 Bf8 17.
a4 Nc4 18. Qg4 Nd6 19. Be3 c4 20. b3 Rc8 21. Rad1 Kh8 22. Qh5 Kg8 23. Qg4 Kh8 24.
Ngf5 Nxf5 25. Nxf5 Bc6 26. axb5 axb5 27. Re2 Qc7 28.
Red2 Rcd8 29. h4 Nb8 30. h5 Rxd2 31. Rxd2 Rd8 32. Rxd8 Qxd8 33. bxc4 bxc4 34. Qe2 Bb5 35. Qg4 Nc6 36. h6 g6 37. Ng3 Qd6 38. Qc8 Kg8 39. Qb7 Qb8 40. Qd7 Qd6 41. Qb7 Qb8 42. Qd7 Qd6 43. Qg4 Kh8 44. f4 Ba6 45. f5 g5 46.
Qh5 Qd7 47. Ba4 Bb7 48. Qe2 Qd3 49. Bb5 Qxe2 50. Nxe2 Na5 51. Ng3 Kg8 52. Bb6 Nb3 53. Bxc4+ Kh8 54. Bxb3 Ba3 55. Kf2 1-0

[Event "Late-Titled-Tuesday-Blitz-January-23-2024"]
[Site "Chess.com"]
[Date "2024.01.23"]
[Round "3"]
[White "only_strong_moves"]
[Black "shimastream"]
[Result "0-1"]
[WhiteElo "2536"]
[BlackElo "3000"]
[TimeControl "180+1"]
[EndTime "14:28:51 PST"]
[Termination "shimastream won by resignation"]

1. e4 Nc6 2. d4 d5 3. Nc3 Nf6 4. e5 Ng8 5. f4 Bf5 6. Be3 h5 7. Bd3 Bxd3 8. Qxd3 e6 9. f5 Nb4 10. Qb5+ c6 11. Qe2 exf5 12. Nf3 h4 13. O-O-O Qe7 14. Bg5 Qe6 15. a3 Na6 16. Kb1 Be7 17. Rhf1 O-O-O 18. Qe3 Nc7 19. Ne2 Qd7 20. Bxe7 Qxe7 21. Nd2 g6 22. c4 dxc4 23. Nxc4 Nd5 24. Qb3 Kb8 25. Rc1 Ka8 26. Nc3 Nxc3+ 27. bxc3 Qe6 28. Ka2 Ne7 29. Rb1 Rd7 30. Nd6 Qxb3+ 31. Rxb3 Nc8 32. Nc4 h3 33. g3 Ne7 34. Nd6 Nc8 35. Nc4 b5 36. Nd2 Nb6 37.
Nf3 Nc4 38. Rf2 Ne3 39. Ng5 Ng4 40. Rfb2 f6 41. a4 fxg5 42. axb5 cxb5 43. Rxb5 Rc8 44. e6 Rd6 45. d5 Ne3 46. e7 Rdd8 47. exd8=Q Rxd8 48.
d6 Nc4 49. R2b4 Nb6 50. Rd4 Kb7 51. Re5 Kc6 52. Re7 Nd7 53. Re6 Nc5 54. Rxg6 Ne4 55.
d7+ Kc5 56. Ra6 Nxc3+ 57. Kb3 Kxd4 58. Rxa7 Nb5 59. Ra5 Nd6 60. Ra7 Kd5 61. Kb4 Ke6 62. Kc5 Rxd7 63. Ra6 Rc7+ 0-1

[Event "Late-Titled-Tuesday-Blitz-January-23-2024"]
[Site "Chess.com"]
[Date "2024.01.23"]
[Round "3"]
[White "LiemLe"]
[Black "MyDream003"]
[Result "1-0"]
[WhiteElo "3115"]
[BlackElo "2845"]
[TimeControl "180+1"]
[EndTime "14:28:52 PST"]
[Termination "LiemLe won on time"]

1. Nf3 Nf6 2. c4 e6 3. Nc3 d5 4.
e3 dxc4 5. Bxc4 c5 6. O-O Be7 7. d4 O-O 8. e4 cxd4 9. Nxd4 Qc7 10. Qe2 Ng4 11. Qxg4 Qxc4 12. Be3 Nc6 13. Nxc6 bxc6 14. Qg3 e5 15. Qxe5 Bf6 16. Qc5 Qxc5 17. Bxc5 Re8 18. Rfd1 Rb8 19. Bxa7 Rxb2 20. Bd4 Bxd4 21. Rxd4 Ba6 22.
Rc1 h6 23. h4 c5 24. Ra4 Bd3 25. f3 c4 26. Nd5 Reb8 27. Kh2 Rd2 28. h5 Rbb2 29. Ne3 Re2 30. Nxc4 Rxg2+ 31. Kh3 Bxc4 32. Rcxc4 Rxa2 33. Rc8+ Kh7 34. Rxa2 Rxa2 35. Rc7 f6 36.
Kg3 Kg8 37. Rc8+ Kf7 38. Rc7+ Kf8 39. f4 Ra3+ 40. Kg4 Ra4 41. Kf5 Ra5+ 42. Kg6 Ra4 43. Rf7+ Ke8 44. Kxg7 Rxe4 45. Rxf6 Ke7 46. f5 Rh4 47. Rxh6 1-0

[Event "Late-Titled-Tuesday-Blitz-January-23-2024"]
[Site "Chess.com"]
[Date "2024.01.23"]
[Round "3"]
[White "sergiochess83"]
[Black "Mikhail_Golubev"]
[Result "1-0"]
[WhiteElo "2891"]
[BlackElo "2519"]
[TimeControl "180+1"]
[EndTime "14:28:52 PST"]
[Termination "sergiochess83 won on time"]

1. d4 Nf6 2. c4 d6 3. Nc3 g6 4. e4 Bg7 5. Be2 O-O 6. Be3 c5 7. d5 e6 8. h3 exd5 9. exd5 Re8 10. Qd2 Ne4 11. Nxe4 Rxe4 12. Bd3 Re8 13. Ne2 Nd7 14. Rc1 Ne5 15. Bb1 a6 16. f4 Nd7 17. f5 b5 18.
O-O Ne5 19. b3 bxc4 20. bxc4 Rb8 21. Bg5 Qb6 22. f6 Bh8 23. Ng3 Qb4 24. Ne4 Nxc4 25. Rxc4 Qxc4 26. Nxd6 Qxf1+ 27. Kxf1 Rxb1+ 28. Kf2 Rd8 29.
Qe2 Rb6 30. Nxf7 Bxf6 31. Nxd8 Bxg5 32. Qe8+ Kg7 33. Ne6+ Bxe6 34. dxe6 Rb7 35. Qc6 Re7 36. Qxc5 Bh4+ 37. g3 Bf6 38. Qc4 a5 39. Kf3 h5 40.
g4 hxg4+ 41. hxg4 Kf8 42. a4 g5 43. Qd5 Kg7 44. Ke4 Re8 45. Kf5 Re7 46. Qxa5 Rc7 47. Qb5 Rc8 48. Qd7+ 1-0

[Event "Late-Titled-Tuesday-Blitz-January-23-2024"]
[Site "Chess.com"]
[Date "2024.01.23"]
[Round "3"]
[White "Elsa167"]
[Black "karinachess1"]
[Result "1-0"]
[WhiteElo "2943"]
[BlackElo "2626"]
[TimeControl "180+1"]
[EndTime "14:28:53 PST"]
[Termination "Elsa167 won by checkmate"]

1. d4 Nf6 2. Nc3 d5 3. Bf4 g6 4. e3 Bg7 5. h4 h5 6. Nf3 O-O 7. Be2 c5 8. Ne5 Nc6 9. Qd2 cxd4 10.
exd4 Qb6 11. O-O-O Bf5 12. f3 Nb4 13. Nd3 Qxd4 14. Be3 Qc4 15. Nxb4 Qxb4 16. a3 Qd6 17.
Bh6 Rac8 18. Bxg7 Kxg7 19. g4 Be6 20. Qd4 Kh7 21. Qxa7 Qf4+ 22. Kb1 Rc7 23. Rd4 Qe3 24. g5 Nd7 25. Ra4 Rxc3 26. bxc3 Qxe2 27. Rb4 Qxf3 28.
Rc1 Qxc3 29. Rxb7 Nc5 30. Rc7 Rc8 31. Rxc8 Bxc8 32. Qxe7 Be6 33. Qf6 Qxf6 34. gxf6 Ne4 35. a4 g5 36. hxg5 Nc3+ 37. Kb2 Nxa4+ 38. Kb3 Nc5+ 39.
Kc3 Ne4+ 40. Kd4 Nxg5 41. Ke5 Nf3+ 42. Kf4 Nd4 43. Ke5 Ne2 44. Re1 Ng3 45. Rb1 h4 46.
Rb4 Nf5 47. Rg4 Kh6 48. Rg8 Kh5 49. Kf4 Nh6 50. Rg5# 1-0

[Event "Late-Titled-Tuesday-Blitz-January-23-2024"]
[Site "Chess.com"]
[Date "2024.01.23"]
[Round "3"]
[White "dodoucb"]
[Black "cristiano78"]
[Result "1-0"]
[WhiteElo "2447"]
[BlackElo "2221"]
[TimeControl "180+1"]
[EndTime "14:28:53 PST"]
[Termination "dodoucb won on time"]

1. d4 Nf6 2. c4 g6 3. Nc3 Bg7 4. e4 d6 5. Nf3 O-O 6. Be2 e5 7. O-O Nc6 8. d5 Ne7 9. Ne1 Nd7 10. Nd3 f5 11. f3 f4 12. b4 h5 13. c5 Rf7 14. a4 Bf8 15. a5 g5 16. c6 bxc6 17. dxc6 Nf6 18. Nf2 Rg7 19. b5 g4 20.
fxg4 hxg4 21. g3 Qe8 22. gxf4 Qh5 23. Qd3 Ng6 24. Qg3 exf4 25. Bxf4 Be6 26. Nd3 Be7 27. e5 dxe5 28. Bxe5 Nxe5 29. Qxe5 Qxe5 30. Nxe5 g3 31. Bf3 gxh2+ 32. Kh1 Bd6 33. Rae1 Ng4 34. Nxg4 Bxg4 35.
Bxg4 Rxg4 36. Nd5 Kg7 37. b6 axb6 38. axb6 cxb6 39. Re6 Bc5 40. c7 Rc8 41. Rc6 Rg6 42.
Rxg6+ Kxg6 43. Kxh2 1-0

[Event "Late-Titled-Tuesday-Blitz-January-23-2024"]
[Site "Chess.com"]
[Date "2024.01.23"]
[Round "3"]
[White "wild3000"]
[Black "jk13"]
[Result "0-1"]
[WhiteElo "2456"]
[BlackElo "2653"]
[TimeControl "180+1"]
[EndTime "14:28:55 PST"]
[Termination "jk13 won on time"]

1. d4 Nf6 2. Nf3 e6 3. e3 d5 4. Be2 c5 5. O-O Be7 6. dxc5 Bxc5 7. c4 O-O 8. Nc3 Nc6 9. a3 Qe7 10. b4 Bb6 11. Bb2 Rd8 12. cxd5 exd5 13. Na4 Bc7 14. Rc1 Ne4 15. Nc5 Bd6 16. Nb3 Bg4 17. Nbd4 Rac8 18.
Nxc6 bxc6 19. Nd4 Qh4 20. g3 Nxg3 21. fxg3 Bxg3 22. hxg3 Qxg3+ 23. Kh1 Rd6 24. Bxg4 Rh6+ 25. Bh5 Qh3+ 26. Kg1 Rxh5 27. Kf2 Qh2+ 28. Ke1 Qxb2 29. Qxh5 Qxc1+ 30. Ke2 Qb2+ 31. Kf3 g6 32. Qg5 Qxa3 33. Kg2 Qxb4 34. Qf6 Rf8 35. Nf3 Re8 36. Ng5 Qe7 37.
Qxf7+ Qxf7 38. Nxf7 Rf8 39. Ng5 Rxf1 40. Kxf1 h5 41. Ne6 a5 42. Nd4 c5 43. Nb5 a4 44.
Nc3 a3 45. Na2 Kf7 46. Ke2 Kf6 47. Nc3 Ke5 48. Kd3 d4 49. exd4+ cxd4 0-1

[Event "Late-Titled-Tuesday-Blitz-January-23-2024"]
[Site "Chess.com"]
[Date "2024.01.23"]
[Round "3"]
[White "Sargsyan_Shant"]
[Black "grzechu96"]
[Result "0-1"]
[WhiteElo "2911"]
[BlackElo "2722"]
[TimeControl "180+1"]
[EndTime "14:28:56 PST"]
[Termination "grzechu96 won on time"]

1. c4 c6 2. Nf3 d5 3. e3 Nf6 4. Nc3 e6 5. Qc2 Bd6 6. b3 e5 7. cxd5 cxd5 8. Nb5 Nc6 9. Bb2 O-O 10. Nxd6 Qxd6 11.
Bb5 Nb4 12. Qb1 d4 13. a3 Nbd5 14. O-O Bg4 15. Be2 Rfe8 16. h3 Bh5 17. Re1 Rac8 18. Nh4 Bxe2 19. Rxe2 Qa6 20. Re1 d3 21. Nf3 Ne4 22.
Rc1 f6 23. b4 Nb6 24. Qa2+ Kh8 25. Qb3 Red8 26. g4 Nc4 27. b5 Qe6 28. Bc3 h5 29. Nh2 Qd7 30. Qd1 Qxb5 31. g5 Qe8 32. gxf6 gxf6 33.
Nf3 Qg6+ 34. Kh2 Rg8 35. Qf1 Qf5 36. Nh4 Qxf2+ 37. Qxf2 Nxf2 38. Nf5 Rg5 39. Ne7 Rc7 40. Bb4 Nxd2 41. Bxd2 Rxe7 42. e4 Rg6 43. Rc8+ Kh7 44. Re1 Reg7 0-1

[Event "Late-Titled-Tuesday-Blitz-January-23-2024"]
[Site "Chess.com"]
[Date "2024.01.23"]
[Round "3"]
[White "sebastianmarinp"]
[Black "TheMagician"]
[Result "1-0"]
[WhiteElo "2405"]
[BlackElo "2128"]
[TimeControl "180+1"]
[EndTime "14:28:56 PST"]
[Termination "sebastianmarinp won by checkmate"]

1. d4 Nf6 2. c4 c5 3. Nf3 g6 4. g3 Bg7 5. Bg2 O-O 6. O-O d6 7. Nc3 Na6 8. d5 Nc7 9. a4 a6 10. a5 Rb8 11. Na4 Na8 12. Bd2 Ne4 13. Be1 Bd7 14. Qc2 f5 15. Nd2 Nf6 16. f3 Qxa5 17.
e4 b5 18. Nb3 Qd8 19. Naxc5 dxc5 20. Nxc5 fxe4 21. fxe4 Ng4 22. Rxf8+ Qxf8 23. Nxd7 Bd4+ 24. Kh1 Qh6 25. h3 Rd8 26. Rxa6 Ne3 27. Qd2 Nc7 28.
Rc6 Rxd7 29. Bf2 e5 30. dxe6 Nxg2 31. Qxh6 Nxe6 32. Rc8+ Nd8 33. Bxd4 Rxd4 34. Kxg2 Rd2+ 35. Kf3 Rd7 36. Qg5 bxc4 37. Rxd8+ Rxd8 38. Qxd8+ Kg7 39. Qd7+ Kh6 40. Qc8 g5 41. Qxc4 g4+ 42. hxg4 Kg6 43. Qc5 h6 44. Qf5+ Kg7 45. g5 h5 46. Qf6+ Kg8 47. g6 h4 48. Qf7+ Kh8 49. Qh7# 1-0

[Event "Late-Titled-Tuesday-Blitz-January-23-2024"]
[Site "Chess.com"]
[Date "2024.01.23"]
[Round "3"]
[White "Hikaru"]
[Black "Mops_2004"]
[Result "1-0"]
[WhiteElo "3305"]
[BlackElo "2855"]
[TimeControl "180+1"]
[EndTime "14:28:58 PST"]
[Termination "Hikaru won by checkmate"]

1. Nf3 Nf6 2. b3 d5 3. c4 c6 4. Qc2 Bg4 5. Bb2 e6 6. d3 Be7 7. Nbd2 O-O 8. h3 Bh5 9. g4 Bg6 10. Nh4 a5 11. a3 Na6 12. Bg2 b5 13. O-O Nd7 14. Nxg6 hxg6 15. d4 Rb8 16. e4 dxc4 17. bxc4 b4 18. f4 bxa3 19. Bxa3 Bxa3 20. Rxa3 Nb4 21.
Qc3 c5 22. d5 Re8 23. Nb3 g5 24. Nxa5 gxf4 25. Nc6 Nxc6 26. dxc6 Nb6 27. e5 g5 28.
h4 gxh4 29. Rxf4 Qg5 30. Qe3 Red8 31. Kh2 Rbc8 32. Rb3 Rd4 33. Rf3 Qxe3 34. Rfxe3 Nxc4 35. Rec3 Nxe5 36. Rxc5 Nxc6 37. Bxc6 Rxg4 38. Rbc3 Kg7 39.
Bf3 Rxc5 40. Rxc5 Rf4 41. Kg2 f5 42. Rc6 Kf6 43. Bd5 Rd4 44. Bxe6 Kg5 45. Rc5 Rd2+ 46. Kf3 Rd3+ 47. Ke2 Ra3 48. Rxf5+ Kg6 49. Rf8 h3 50. Rh8 h2 51. Rxh2 Kf6 52. Rh6+ Ke5 53. Bc4 Rc3 54.
Bd3 Rc5 55. Ke3 Rd5 56. Bc4 Rc5 57. Rh4 Rc6 58. Rh5+ Kd6 59. Kd4 Rb6 60. Rg5 Rb2 61. Rg6+ Ke7 62. Ke5 Rd2 63. Rg7+ Kf8 64. Ra7 Ke8 65. Be6 Rd1 66. Bd5 Kd8 67. Kd6 Ke8 68. Ra8# 1-0

[Event "Late-Titled-Tuesday-Blitz-January-23-2024"]
[Site "Chess.com"]
[Date "2024.01.23"]
[Round "3"]
[White "YoreDea"]
[Black "Byniolus"]
[Result "1-0"]
[WhiteElo "2574"]
[BlackElo "2858"]
[TimeControl "180+1"]
[EndTime "14:28:59 PST"]
[Termination "YoreDea won by checkmate"]

1. e4 d6 2. d4 Nf6 3. Nc3 c6 4.
f4 Qb6 5. Nf3 Bg4 6. Be2 Bxf3 7.
Bxf3 e5 8. dxe5 dxe5 9. f5 Nbd7 10. g4 h6 11. h4 O-O-O 12. Qe2 Be7 13. Kf1 Nc5 14.
Kg2 Qa6 15. Qxa6 Nxa6 16. a3 Bc5 17. Rd1 Bd4 18. Bd2 Nc5 19. Re1 Bf2 20. Kxf2 Rxd2+ 21. Re2 Rd4 22. b4 Rc4 23. Re3 Rxc3 24. bxc5 Rxc2+ 25. Re2 Rxc5 26. g5 hxg5 27. hxg5 Nd7 28. Kg3 Rc3 29.
Kg4 Nc5 30. Rd1 Rxa3 31. Red2 Re3 32. f6 gxf6 33. Bg2 Rg8 34. Kf5 fxg5 35. Kxe5 Rg3 36.
Kd6 Ne6 37. e5 Nf4 38. Be4 Rd8+ 39. Ke7 Rxd2 40. Rxd2 Kc7 41. Kxf7 Re3 42. Rd4 b5 43. e6 Nxe6 44. Kxe6 c5 45. Rd7+ Kb6 46. Kd5 c4 47. Kd4 Re1 48. Rb7+ Ka6 49. Rg7 Rd1+ 50. Kc3 Rg1 51.
Bc6 Kb6 52. Rg6 Ka5 53. Bb7 a6 54. Rxa6# 1-0

[Event "Late-Titled-Tuesday-Blitz-January-23-2024"]
[Site "Chess.com"]
[Date "2024.01.23"]
[Round "3"]
[White "esrosenberg"]
[Black "BlackGod93"]
[Result "1-0"]
[WhiteElo "2371"]
[BlackElo "2567"]
[TimeControl "180+1"]
[EndTime "14:28:59 PST"]
[Termination "esrosenberg won on time"]

1. c4 Nf6 2. Nf3 g6 3. Nc3 Bg7 4. e4 d6 5. d4 O-O 6. h3 a6 7. Be2 Nc6 8. d5 Nb8 9. O-O b5 10. cxb5 axb5 11. Bxb5 Ba6 12. Re1 Bxb5 13. Nxb5 Na6 14.
Nbd4 Qd7 15. Nc6 Nb8 16. Ncd4 c5 17. Nb3 Na6 18. Bd2 c4 19. Nbd4 Nc5 20. Qc2 Rfc8 21. Nc6 Nd3 22. Re2 Rxc6 23. dxc6 Qxc6 24. e5 Nd5 25. exd6 exd6 26. Bc3 Nxc3 27. bxc3 Ra3 28. Rb1 Bf6 29. Rb8+ Kg7 30. Ree8 h5 31. Rg8+ Kh7 32.
Qd2 Qd5 33. h4 Qe6 34. Ng5+ Bxg5 35. hxg5 Qe5 36. f4 Qc5+ 37. Kh2 f5 38. Rgc8 Qa7 39. Qe3 Qg7 40. Re8 Ra7 41. Rbd8 Rf7 42. Rh8+ Qxh8 43. Rxh8+ Kxh8 44. Qe8+ Kg7 45. Qc6 Nxf4 46. Qxc4 Ne6 47. Qxe6 1-0

[Event "Late-Titled-Tuesday-Blitz-January-23-2024"]
[Site "Chess.com"]
[Date "2024.01.23"]
[Round "3"]
[White "ahkashefi2800"]
[Black "Viktor_Poddubnyi"]
[Result "1-0"]
[WhiteElo "2553"]
[BlackElo "2262"]
[TimeControl "180+1"]
[EndTime "14:28:59 PST"]
[Termination "ahkashefi2800 won on time"]

1. d4 g6 2. Nf3 Bg7 3. Bf4 Nf6 4. e3 d6 5. Be2 O-O 6. O-O Nc6 7. c3 Nd7 8. Na3 e5 9. Bg3 a6 10. Rc1 Qe7 11. dxe5 dxe5 12. Qc2 Nb6 13. Nc4 Nxc4 14. Bxc4 Be6 15. Bxe6 Qxe6 16. Qb3 Qxb3 17. axb3 a5 18.
Rfd1 Rfd8 19. Kf1 f6 20. Nd2 b6 21. Ke2 Rd7 22. Nc4 Rad8 23. Rxd7 Rxd7 24. f4 e4 25. f5 gxf5 26. Rd1 Rxd1 27. Kxd1 Ne5 28. Na3 Bf8 29. Nb5 Nd3 30. Bxc7 Bc5 31. Nd4 f4 32. exf4 Nxb2+ 33. Kd2 a4 34. bxa4 Nxa4 35. f5 Kf7 36. Nb5 Nb2 37. Bf4 Nc4+ 38. Ke2 Ke7 39. g4 Kd7 40. h4 Kc6 41. Na7+ Kd5 42. Nb5 Ne5 43. Nc7+ Kd6 44. Ne8+ Ke7 45. Bxe5 fxe5 46.
Nc7 Kf6 47. Nd5+ Kf7 48. Ne3 h6 49. g5 hxg5 50. hxg5 Be7 51. f6 Bc5 52. Nc4 1-0

[Event "Late-Titled-Tuesday-Blitz-January-23-2024"]
[Site "Chess.com"]
[Date "2024.01.23"]
[Round "3"]
[White "maximnovik"]
[Black "TheAlienParty"]
[Result "1-0"]
[WhiteElo "2579"]
[BlackElo "2346"]
[TimeControl "180+1"]
[EndTime "14:29:00 PST"]
[Termination "maximnovik won on time"]

1. e4 e5 2. Nf3 Nc6 3. Bb5 a6 4. Ba4 d6 5. c3 Bd7 6. O-O g5 7. d4 g4 8. Ne1 h5 9. Be3 Bh6 10. Nd2 Bxe3 11. fxe3 Qg5 12. Qe2 Nh6 13. Nd3 O-O-O 14. d5 Ne7 15. Bxd7+ Rxd7 16. c4 f5 17.
c5 dxc5 18. Nxc5 Rd6 19. Rac1 Kb8 20. Nc4 fxe4 21. Nxe4 Qg6 22. Nexd6 cxd6 23. e4 h4 24. Qe3 Nc8 25. Nb6 Nf7 26. Nxc8 Rxc8 27. Rxc8+ Kxc8 28. Rc1+ Kb8 29. Rc4 Ng5 30. Qc3 Qe8 31. Qe3 Qg6 32. Qb6 Nxe4 33. Qe3 Nf6 34. Rc1 Nxd5 35. Qd2 Nf4 36. Rd1 d5 37. Qe3 Qf5 38. Re1 e4 39.
Rf1 Nxg2 40. Kxg2 Qf3+ 41. Rxf3 gxf3+ 42. Kf2 Kc7 43. Qf4+ Kc6 44. Qxh4 Kc5 45. Ke3 b5 46. Qf2 b4 47. Qd2 1-0

[Event "Late-Titled-Tuesday-Blitz-January-23-2024"]
[Site "Chess.com"]
[Date "2024.01.23"]
[Round "3"]
[White "EcosseKillie"]
[Black "Balla_Tamas"]
[Result "1-0"]
[WhiteElo "2269"]
[BlackElo "2450"]
[TimeControl "180+1"]
[EndTime "14:29:00 PST"]
[Termination "EcosseKillie won on time"]

1. d4 d5 2. Bg5 Nf6 3. Bxf6 exf6 4. e3 c5 5. Nc3 Nc6 6. dxc5 Be6 7. Bb5 Bxc5 8. Nge2 O-O 9. O-O Rc8 10. Ba4 Ne5 11. Bb3 Nc4 12. Bxc4 dxc4 13. Nf4 Qe7 14. Ne4 Bb6 15.
Nxe6 fxe6 16. Qf3 Kh8 17. Rad1 Rfd8 18. g3 f5 19. Nc3 Qf6 20. Qxb7 e5 21. Nd5 Qe6 22.
Nxb6 axb6 23. c3 f4 24. exf4 exf4 25. Qf3 fxg3 26. hxg3 h6 27. Rfe1 Qg6 28. Rxd8+ Rxd8 29. Qe4 Qf7 30. Re2 Qh5 31. Kg2 Qa5 32. a3 Rf8 33.
Qxc4 Qa8+ 34. Qe4 Qd8 35. c4 Qc7 36. b4 Rc8 37. Rc2 Qa7 38. Rc3 Qd7 39. c5 Re8 40. Qf3 b5 41. c6 Qc7 42. Qd5 Rc8 43. Qd7 Qb8 44. c7 Qb7+ 45. Qc6 Qa7 46. Rd3 Ra8 47. Rd8+ 1-0

[Event "Late-Titled-Tuesday-Blitz-January-23-2024"]
[Site "Chess.com"]
[Date "2024.01.23"]
[Round "3"]
[White "ozates"]
[Black "Boninknights"]
[Result "1-0"]
[WhiteElo "2595"]
[BlackElo "2371"]
[TimeControl "180+1"]
[EndTime "14:29:02 PST"]
[Termination "ozates won on time"]

1. e4 c6 2. d4 a6 3. c4 d6 4. Nc3 Nf6 5. Be2 b5 6. f3 Nbd7 7. Nh3 Bb7 8. Nf2 e5 9. d5 bxc4 10. Bxc4 Nb6 11. dxc6 Bxc6 12. Bb3 d5 13. exd5 Nfxd5 14. Nxd5 Nxd5 15. O-O Bc5 16. Kh1 O-O 17. Ne4 Bb6 18.
Bg5 Qd7 19. Rc1 Ne3 20. Qxd7 Bxd7 21. Rfe1 Nf5 22. Bd5 Rac8 23. g4 Nd4 24. Nd6 Rxc1 25. Rxc1 Be6 26. Bxe6 fxe6 27. Be7 Rb8 28. Kg2 Bd8 29.
Bxd8 Rxd8 30. Ne4 Rf8 31. Rc3 a5 32. b3 h6 33. h4 Rb8 34. Rc4 Kf7 35. Rc7+ Kf8 36. Ra7 Rc8 37. Rxa5 Rc2+ 38. Nf2 Rc3 39. Rxe5 Nxf3 40. Rxe6 Nxh4+ 41. Kf1 Rc2 42. Re2 Rc1+ 43. Re1 Rc2 44. a4 Rb2 45. Ra1 Rxb3 46. a5 Rb7 47.
a6 Ra7 48. Ne4 Ke7 49. Nc3 Kd7 50. Nb5 Ra8 51. a7 Kc6 52. Rb1 Ng6 53. Kf2 Ne5 54.
Kg3 Nd7 55. Kf4 g6 56. Ke4 h5 57. g5 h4 58. Kf4 1-0

[Event "Late-Titled-Tuesday-Blitz-January-23-2024"]
[Site "Chess.com"]
[Date "2024.01.23"]
[Round "3"]
[White "Goryachkina"]
[Black "Actuary44"]
[Result "1-0"]
[WhiteElo "2698"]
[BlackElo "2483"]
[TimeControl "180+1"]
[EndTime "14:29:03 PST"]
[Termination "Goryachkina won by resignation"]

1. e4 b6 2. d4 Bb7 3. Bd3 e6 4. Nf3 Nf6 5. Nbd2 d5 6. e5 Nfd7 7. c3 c5 8. Nf1 Nc6 9. Ng3 Qc7 10. O-O O-O-O 11. a4 h6 12. a5 c4 13. axb6 Nxb6 14.
Be2 f5 15. exf6 gxf6 16. b3 cxb3 17. Qxb3 h5 18. Nh4 Bd6 19. Ba3 Bxa3 20. Rxa3 e5 21.
Bb5 Nc4 22. Ra2 N6a5 23. Qb4 Qd6 24. Rxa5 Qxb4 25. cxb4 Nxa5 26. bxa5 a6 27. Be2 exd4 28. Rd1 Kd7 29. Ngf5 Rc8 30. Nxd4 Rc5 31. Nb3 Rc2 32. Bf3 Rc3 33. Rb1 Rhc8 34. h3 Kd6 35. Bxh5 Rh8 36. Nf5+ Ke5 37. Bg4 Bc8 38. Re1+ Kf4 39. Nbd4 Bxf5 40.
Ne2+ Kg5 41. Nxc3 Bxg4 42. hxg4 d4 43. Ne4+ Kxg4 44. Rd1 Kf4 45. Nc5 Ke5 46. Nxa6 Ra8 47. Nb4 Ke4 48. a6 Rb8 49. Rxd4+ Kxd4 50. Nc6+ Kc5 51. Nxb8 Kb6 52. Nd7+ Kxa6 53. Nxf6 Kb6 54. Ne4 1-0

[Event "Late-Titled-Tuesday-Blitz-January-23-2024"]
[Site "Chess.com"]
[Date "2024.01.23"]
[Round "3"]
[White "SEBAZZANO"]
[Black "Quattroporte300"]
[Result "1/2-1/2"]
[WhiteElo "2213"]
[BlackElo "2424"]
[TimeControl "180+1"]
[EndTime "14:29:03 PST"]
[Termination "Game drawn - insufficient material"]

1. d4 Nf6 2. Bf4 g6 3. Nc3 d5 4. e3 c6 5. h4 Bg7 6. Nf3 h5 7. Ne5 Nbd7 8. Be2 Nxe5 9. Bxe5 b5 10. Bf3 a5 11. a3 Bf5 12. O-O O-O 13. Re1 Ng4 14.
Bxg7 Kxg7 15. e4 dxe4 16. Nxe4 e5 17. dxe5 Nxe5 18. Qxd8 Nxf3+ 19. gxf3 Raxd8 20. Rad1 Rfe8 21. Rxd8 Rxd8 22. Re2 Be6 23. Rd2 Rxd2 24. Nxd2 Bd5 25. Kh2 Kf6 26. Kg3 Ke5 27. c3 c5 28. f4+ Ke6 29.
f3 f6 30. Kf2 Kf5 31. Kg3 g5 32. fxg5 fxg5 33. hxg5 Kxg5 34. b4 h4+ 35. Kh3 Be6+ 36.
Kg2 axb4 37. axb4 cxb4 38. cxb4 Kf4 39. Ne4 Bd5 40. Nd6 Bxf3+ 41. Kh3 Kg5 42. Nxb5 Bg4+ 43. Kh2 Bd7 44. Nd4 Kf4 45. b5 Ke5 46. Nc6+ Kd6 47. Nd4 Kc5 48. Nf3 h3 49. Ng1 Kxb5 50. Nxh3 1/2-1/2